 Dungeon Crawl Stone Soup version 0.30-a0-23-ge60ba3568b (webtiles) character file.

Game seed: 17025202074774103669

81 SensoryNuts the Chopper (level 4, -2/35 HPs)
             Began as a Demonspawn Fighter on Aug 24, 2022.
             Slain by an adder (3 damage)
             ... on level 2 of the Dungeon.
             The game lasted 00:01:21 (1669 turns).

SensoryNuts the Chopper (Demonspawn Fighter)        Turns: 1669, Time: 00:01:21

Health: -2/35      AC:  6    Str: 16    XL:     4   Next: 20%
Magic:  4/4        EV:  5    Int: 10    God:
Gold:   52         SH:  4    Dex: 14    Spells: 3/3 levels left

rFire   . . .      SeeInvis .    a - +0 war axe
rCold   . . .      Faith    .    c - +0 buckler
rNeg    . . .      Spirit   .    b - +0 scale mail
rPois   .          Reflect  .    (no helmet)
rElec   .          Harm     .    (no cloak)
rCorr   .          Rampage  .    (no gloves)
Will    .....                    (no boots)
Stlth   ..........               (no amulet)
HPRegen 0.11/turn                (no ring)
MPRegen 0.09/turn                (no ring)

@: lethally poisoned (-2 -> -26), attractive, hasted, constricted, very quick
A: claws 2
a: no special abilities


You were on level 2 of the Dungeon.
You visited 1 branch of the dungeon, and saw 2 of its levels.

You collected 52 gold pieces.

Inventory:

Hand Weapons
 a - a +0 war axe (weapon)
Armour
 b - a +0 scale mail (worn)
 c - a +0 buckler (worn)
Jewellery
 g - a ring of positive energy
Scrolls
 f - a scroll of immolation {unknown}
 j - a scroll of magic mapping {unknown}
 k - a scroll of teleportation {unknown}
 l - a scroll of enchant armour {unknown}
 o - a scroll of amnesia {unknown}
 p - a scroll of fear {unknown}
 q - a scroll of identify {unknown}
Potions
 d - a potion of might
 h - a potion of attraction
 i - 2 potions of heal wounds {unknown}
 m - 2 potions of mutation {unknown}
 n - 2 potions of invisibility {unknown}


   Skills:
 + Level 3.1 Fighting
 * Level 3.5 Axes
 + Level 3.1 Armour
 + Level 2.8 Shields


You had 3 spell levels left.
You didn't know any spells.
Your spell library was empty.

Dungeon Overview and Level Annotations

Branches:
Dungeon (2/15)

Altars:


Innate Abilities, Weirdness & Mutations

You have very sharp fingernails.


Message History

The adder closely misses you.
The ball python hisses angrily.
You hit the adder.
The adder is heavily wounded.
You block the adder's attack. The adder bites you.
You are poisoned.
The adder poisons you!
You barely miss the adder.
The adder is heavily wounded.
You feel sick.
The goblin hits you from afar with a +0 spear of venom.
You are more poisoned.
The adder bites you but does no damage. The goblin barely misses you.
The adder bites you.
You completely miss the adder.
The adder is heavily wounded.
You feel very sick. The adder bites you but does no damage.
The goblin closely misses you.
You miss the adder.
The adder is heavily wounded.
You feel very sick. The adder barely misses you.
The goblin hits you but does no damage. The adder barely misses you.
The ball python bites you. The ball python grabs you.
The ball python constricts you. The goblin hits you but does no damage.
You are lethally poisoned!
It was a potion of attraction.
You feel attractive to monsters.
You feel very sick. The adder closely misses you.
The ball python bites you but does no damage.
The ball python constricts you.
The goblin hits you from afar with a +0 spear of venom.
* * * LOW HITPOINT WARNING * * *
You are more poisoned.
It was a potion of haste.
You feel yourself speed up.
* * * LOW HITPOINT WARNING * * *
You feel very sick. The adder bites you.
You die...

# #.......# # #.......#
# #.###.#.# ###.#.#.#.#
#...#†#.#.#
#.....#.#<###########
#..##.#.#....^......#
#.......#..........).
############....@S......
.....# #....S.......
.....# #....g...>...
.....# #.......##...
.....# #.......# ..
.....# #.......# .
.....#######.......#
.....##......).....#
.....##............#


You could see an adder, a goblin and a ball python.

Vanquished Creatures
  Natasha (D:2)
  3 adders (D:2)
  A worm (D:2)
  A ball python (D:1)
  3 endoplasms
  2 goblins
  4 hobgoblins (D:1)
  3 quokkas (D:1)
  3 bats
  A frilled lizard (D:2)
  2 kobolds (D:2)
  3 rats (D:2)
27 creatures vanquished.

Notes
Turn   | Place    | Note
-------+----------+-------------------------------------------
     0 | D:1      | SensoryNuts the Demonspawn Fighter began the quest for the
                  | Orb.
     0 | D:1      | Reached XP level 1. HP: 18/18 MP: 1/1
   203 | D:1      | Discovered your monstrous ancestry.
   203 | D:1      | Gained mutation: You have sharp fingernails. [demonic
                  | ancestry]
   203 | D:1      | Reached XP level 2. HP: 19/24 MP: 2/2
   737 | D:2      | Reached XP level 3. HP: 16/29 MP: 3/3
  1086 | D:2      | Identified the +5 scale mail "Upiap" {rElec rC+ rN+}
  1092 | D:2      | Noticed Natasha
  1112 | D:2      | Killed Natasha
  1418 | D:2      | Gained mutation: You have very sharp fingernails. [demonic
                  | ancestry]
  1418 | D:2      | Reached XP level 4. HP: 33/35 MP: 4/4
  1660 | D:2      | Identified the +1 ring mail "Latepp" {rCorr}
  1669 | D:2      | HP: 1/35 [poisoned by a goblin]
  1669 | D:2      | Slain by an adder

Illustrated notes

Levels and vault maps discovered:
D:1:      dpeg_arrival_rhombus, layout_basic
D:2:      layout_basic, nrook_mini_vaults, lemuel_flame_loot_1, uniq_natasha

Skill      XL: |  1  2  3 |
---------------+----------+-----
Axes           | 2 3 |  3.5
Armour         | 3 |  3.1
Fighting       | |  3.1
Shields        | |  2.8

Action                   |  1- 3 |  4- 6 || total
-------------------------+-------+-------++-------
Melee: War axe           |    85 |    23 ||   108
  Use: Potion            |       |     2 ||     2
Armor: Scale mail        |    44 |    18 ||    62
Dodge: Dodged            |    37 |    18 ||    55
Block: Buckler           |    23 |     4 ||    27

Table legend: (Time is in decaauts)
 A = Elapsed time spent in this place.
 B = Non-inter-level travel time spent in this place.
 C = Inter-level travel time spent in this place.
 D = Time resting spent in this place.
 E = Time spent auto-exploring this place.
 F = Levels seen in this place.
 G = Mean time per level.
                   A        B        C        D        E       F      G
               +--------+--------+--------+--------+--------+-----+--------+
         Total |   1713 |   1628 |     85 |      0 |   1369 |   2 |  856.5 |
       Dungeon |   1713 |   1628 |     85 |      0 |   1369 |   2 |  856.5 |
               +--------+--------+--------+--------+--------+-----+--------+

Top non-repeatable levels by time:
     D:2: 974 daAuts
     D:1: 738 daAuts
